 Dungeon Crawl Stone Soup version 0.30.0-20-g3b4254fcbd (webtiles) character file.

Game seed: 12844358819264641105

221120 cheesebisquit the Earth Mage (level 18, -17/115 HPs)
             Began as a Gargoyle Earth Elementalist on June 2, 2023.
             Was the Champion of Jiyva.
             Demolished by a tentacle (18 damage)
             ... attached to a kraken
             ... on level 2 of the Shoals.
             The game lasted 02:19:43 (32936 turns).

cheesebisquit the Earth Mage (GrEE)                Turns: 32936, Time: 02:19:44

Health: -17/115    AC: 20    Str: 14    XL:     18   Next: 70%
Magic:  20/39      EV: 14    Int: 30    God:    Jiyva [******]
Gold:   562        SH:  4    Dex:  8    Spells: 1/34 levels left

rFire   + . .        G - staff of earth "Paet" {Will+}
rCold   + . .        T - +0 buckler
rNeg    + . .        f - +0 robe of Youthful Indiscretion {rC+ MP+9}
rPois   ∞            U - +0 hat of Ylibul {rF+ Will+}
rElec   +            a - +1 cloak
rCorr   +            F - +1 pair of gloves
SInv    +            (no boots)
Will    +++..        J - amulet of magic regeneration
Stlth   ++           Y - ring of see invisible
HPRegen 2.79/turn    i - ring "Qulirase" {rCorr Int+2}
MPRegen 1.16/turn

%: clarity, resist mutation
@: flying, studying Throwing
A: sickness immunity, AC +13, big wings, negative energy resistance 1,
electricity resistance, torment resistance 1, petrification resistance, hooves
1, clarity, clever 1, mutation resistance 3, sense surroundings 1, regeneration
1, strong 1, eyeballs 1, jelly sensing items
}: 2/15 runes: slimy, gossamer
a: Renounce Religion, Oozemancy, Slimify


You were on level 2 of the Shoals.
You worshipped Jiyva.
Jiyva was exalted by your worship.
You visited 7 branches of the dungeon, and saw 35 of its levels.
You also visited: Sewer, Ossuary and Ice Cave.

You collected 1793 gold pieces.
You spent 1231 gold pieces at shops.

Inventory:

Hand Weapons
 u - a +3 spectral morningstar
 X - a +2 demon trident of electrocution
Missiles
 b - 4 silver javelins
 k - 5 throwing nets
 t - 3 silver boomerangs
 z - a curare-tipped dart
 L - 13 poisoned darts
 Q - 6 javelins
Armour
 a - a +1 cloak (worn)
 f - the +0 robe of Youthful Indiscretion (worn) {rC+ MP+9}
   (You found it on level 2 of the Lair of Beasts)

   rC:        It protects you from cold.
   MP:        It affects your magic capacity (+9).
 g - a +0 leather armour of willpower
 y - a +2 cloak of willpower
 F - a +1 pair of gloves (worn)
 T - a +0 buckler (worn)
 U - the +0 hat of Ylibul (worn) {rF+ Will+}
   (You found it on level 4 of the Spider Nest)

   rF:        It protects you from fire.
   Will:      It increases your willpower.
 V - the +6 scale mail of Impatience {Fly rElec Int+3}
   (You found it on level 5 of the Pits of Slime)

   Int:       It affects your intelligence (+3).
   rElec:     It insulates you from electricity.
   Fly:       It grants you flight.
Magical Staves
 G - the staff of earth "Paet" (weapon) {Will+}
   (You acquired it on level 2 of the Shoals)

   [staff of earth]

   Base accuracy: +5 Base damage: 5 Base attack delay: 1.2 This weapon's minimum
   attack delay (0.6) is reached at skill level 12.
   Will:      It increases your willpower.
   It falls into the 'Staves' category.
   It is a one-handed weapon.
Jewellery
 h - an amulet of regeneration
 i - the ring "Qulirase" (right hand) {rCorr Int+2}
   (You found it on level 5 of the Pits of Slime)

   [ring of resist corrosion]

   Int:       It affects your intelligence (+2).
   rCorr:     It protects you from acid and corrosion.
 l - the amulet "Usa Feomn" {Acrobat rF+ MP+9}
   (You found it on level 2 of the Shoals)

   [amulet of the acrobat]

   It increases your evasion while moving and waiting.
   rF:        It protects you from fire.
   MP:        It affects your magic capacity (+9).
 J - an amulet of magic regeneration (around neck)
 Y - a ring of see invisible (left hand)
Wands
 d - a wand of roots (17)
 w - a wand of paralysis (16)
 K - a wand of flame (16)
 M - a wand of digging (9)
 R - a wand of light (3)
 S - a wand of mindburst (6)
Scrolls
 c - 2 scrolls of vulnerability
 e - a scroll of silence
 m - 2 scrolls of fear
 q - 2 scrolls of brand weapon
 r - 4 scrolls of torment
 s - a scroll of immolation
 v - 4 scrolls of teleportation
 B - 5 scrolls of magic mapping
 D - 4 scrolls of poison
 O - a scroll of amnesia
 Z - 3 scrolls of fog
Potions
 j - 10 potions of curing
 n - 9 potions of attraction
 o - 8 potions of lignification
 p - 2 potions of heal wounds
 x - 3 potions of resistance
 A - 2 potions of might
 C - 4 potions of cancellation
 E - 5 potions of mutation
 H - 5 potions of ambrosia
 I - 3 potions of invisibility
 N - a potion of brilliance
Miscellaneous
 P - a lightning rod (4/4)
 W - a phial of floods


   Skills:
 + Level 13.4 Fighting
 - Level 12.2(12.3) Maces & Flails
 + Level 1.6(8.0) Staves
 - Level 6.0 Armour
 + Level 10.6 Dodging
 - Level 5.0 Stealth
 - Level 5.0 Shields
 + Level 8.7 Spellcasting
 + Level 11.4 Conjurations
 + Level 2.4 Summonings
 - Level 5.0 Necromancy
 - Level 5.0 Transmutations
 + Level 20.0 Earth Magic
 + Level 4.4 Evocations


You had one spell level left.
You knew the following spells:

 Your Spells              Type           Power      Damage    Failure   Level
a - Sandblast             Erth           100%       2d20      0%          1
b - Passwall              Tmut/Erth      77%        N/A       1%          2
c - Stone Arrow           Conj/Erth      100%       3d13      1%          3
d - Petrify               Tmut/Erth      93%        N/A       1%          4
e - Borgnjor's Vile Clut  Necr/Erth      46%        N/A       1%          5
f - Iron Shot             Conj/Erth      51%        9d10      1%          6
g - Lehudib's Crystal Sp  Conj/Erth      51%        10d12     47%         8
h - Animate Armour        Summ/Erth      100%       N/A       1%          4

Your spell library contained the following spells:

 Spells                   Type           Power      Damage    Failure   Level
 Magic Dart               Conj           100%       1d8       1%          1
 Dazzling Flash           Conj/Hex       94%        N/A       1%          3
 Call Imp                 Summ           54%        N/A       2%          2
 Mephitic Cloud           Conj/Pois/Air  35%        N/A       3%          3
 Sticky Flame             Conj/Fire      47%        2d6       4%          4
 Dispel Undead            Necr           43%        3d17      6%          4
 Agony                    Necr           43%        N/A       19%         5
 Blade Hands              Tmut           21%        N/A       19%         5
 Olgreb's Toxic Radiance  Pois           13%        N/A       45%         4
 Alistair's Intoxication  Tmut/Pois      18%        N/A       45%         5
 Death Channel            Necr           21%        N/A       69%         6
 Silence                  Hex/Air        6%         N/A       80%         5
 Eringya's Noxious Bog    Tmut/Pois      14%        N/A       95%         6
 Discord                  Hex            6%         N/A       100%        8
 Ignition                 Fire           6%         3d4       100%        8
 Maxwell's Capacitive Co  Air            6%         ∞         100%        8
 Cigotuvi's Dreadful Rot  Necr/Pois/Air  Unusable   N/A       N/A         2

Dungeon Overview and Level Annotations

Branches:
Dungeon (15/15)            Temple (1/1) D:4            Lair (5/5) D:8
 Shoals (3/4) Lair:3       Spider (4/4) Lair:2        Slime (5/5) Lair:5
    Orc (2/2) D:11            Elf (0/3) Orc:2        Vaults (0/5) D:13
 Depths (0/4) D:15          Sewer (visited)         Ossuary (visited)
  IceCv (visited)

Altars:
Ashenzari
Cheibriados
Dithmenos
Elyvilon
Fedhas
Gozag
Hepliaklqana
Kikubaaqudgha
Makhleb
Nemelex Xobeh
Okawaru
Qazlal
Ru
Sif Muna
Trog
Uskayaw
Vehumet
Wu Jian
Xom
Yredelemnul
Zin
The Shining One
Jiyva

Shops:
D:4 :   D:15 =   Orc:2 [=*(   Shoals:2 *

Portals:
Trove: D:14 (give +2 gold dragon scales)

Annotations:
Lair:4 2 transporters, knightboat's ghost, journeyman FoFi
Slime:5 Royal Jelly


Innate Abilities, Weirdness & Mutations

You are immune to sickness and miasma.
Your stone body is resilient. (AC +13)
You are immune to poison.
Your large and strong wings let you fly.
You resist negative energy. (rN+)
You are resistant to electric shocks. (rElec)
You are resistant to unholy torment.
You are immune to petrification.
You have large cloven feet.
You possess an exceptional clarity of mind.
Your mind is acute. (Int +4, Str/Dex -1)
You are almost entirely resistant to further mutation and mutation removal.
You passively map a small area around you.
Your natural rate of healing is unusually fast.
Your muscles are strong. (Str +4, Int/Dex -1)
Your body has grown eyes which may confuse attackers. (Acc +3)
You have a small jelly attached to you that senses nearby items.


Message History

Could not pick up a ring of positive energy here; ([A]lways) ignore it?
Autopickup disabled for rings of positive energy.
You hear a distant slurping noise.
There is a stone staircase leading down here.
There is an open translucent door, spattered with blood here.
A kraken is nearby!
You feel a surge of power!
The iron shot hits the kraken!!!
The kraken is moderately wounded.
Tentacles burst out of the water! 4 tentacles come into view.
You feel a surge of power!
The iron shot hits the kraken!!!
The kraken is moderately wounded.
The kraken bites you!!
The tentacle slaps you but does no damage.
The tentacle slaps you!
The tentacle slaps you but does no damage. x2
The kraken bites you!!
Aiming: Iron Shot (dangerous; 1% risk of failure)
Press: ? - help, Q - select action, (/) - cycle Shift-Dir - straight line, f/p - kraken
Aim: a kraken (water, moderately wounded, 100% to hit)
You feel a surge of power!
The iron shot hits the kraken!!!
The kraken is severely wounded.
The tentacle slaps you but does no damage. x2
The tentacle closely misses you. You block the tentacle's attack.
The tentacle closely misses you. The tentacle slaps you!
The tentacle slaps you but does no damage.
The kraken bites you!
The tentacle slaps you but does no damage.
Aiming: Iron Shot (dangerous; 1% risk of failure)
Press: ? - help, Q - select action, (/) - cycle Shift-Dir - straight line, f/p - kraken
Aim: a kraken (water, severely wounded, 100% to hit)
You feel a surge of power!
The iron shot hits the kraken!!
The kraken is severely wounded.
The tentacle misses you. The tentacle closely misses you.
The tentacle slaps you but does no damage.
The tentacle slaps you. The kraken bites you!!
* * * LOW HITPOINT WARNING * * *
You shudder from the blow and a jelly pops out!
The tentacle misses you. The tentacle slaps you!!
You die...

######################
#≈≈≈≈≈≈≈≈≈≈≈≈≈≈≈≈≈≈≈≈≈
#≈≈≈≈≈≈≈≈≈≈≈≈≈≈≈≈≈≈≈≈≈
#≈≈≈≈J≈≈≈≈≈≈≈≈≈≈≈≈≈≈≈≈
#≈≈≈wXw........≈≈≈≈≈≈≈
#≈≈≈w@w#######.~≈≈≈≈≈≈
#≈≈≈..'#...÷.##~~≈≈≈≈≈
#≈≈≈.##>).....##~≈≈≈≈≈
#≈≈≈.#.........#~≈≈≈≈≈
#≈≈≈.#...###...#~≈≈≈≈≈
#≈≈≈.#...#°#..)#~≈≈≈≈≈
#≈≈≈[#...##'..?#~≈≈≈≈≈
#≈≈≈.#........(#~≈≈≈≈≈
#≈≈≈(##......)##~≈≈≈≈≈


You could see a kraken (ally target), 4 tentacles and a friendly quicksilver
ooze (summoned).

Vanquished Creatures
  Nikola (Spider:1)
  Arachne (Spider:2)
  Rupert (Spider:1)
  A kraken (Shoals:2)
  4 emperor scorpions
  An orc warlord (Orc:2)
  A ghost moth (Spider:4)
  Aizul (Spider:2)
  A dire elephant (D:15)
  2 spark wasps
  3 merfolk impalers (Shoals:2)
  A fire dragon (Lair:5)
  2 merfolk javelineers (Shoals:2)
  8 entropy weavers
  2 ice dragons
  A rakshasa (D:15)
  5 hydras
  A merfolk aquamancer (Shoals:2)
  4 radroaches
  An ogre mage (D:15)
  Harold (D:10)
  3 jorogumos
  An alligator snapping turtle (Shoals:2)
  2 merfolk avatars (Shoals:2)
  6 two-headed ogres
  4 centaur warriors
  9 boulder beetles
  A tengu warrior (D:15)
  19 death yaks
  3 orc high priests
  Urug (Orc:1)
  Nergalle (D:10)
  Amaemon (D:8)
  4 orb spiders
  5 pharaoh ants
  8 skysharks
  A sun moth (Spider:3)
  9 sea snakes
  A swamp dragon (Lair:5)
  8 steelbarb worms
  6 orc knights
  5 harpies
  A faun (Shoals:1)
  2 deep elf pyromancers
  An oklob plant (Lair:5)
  14 wolf spiders
  2 orc sorcerers (Orc:2)
  5 merfolk sirens
  6 manticores
  2 moths of wrath
  6 ugly things
  3 elephants (Lair:5)
  3 cyclopes
  A black mamba (Lair:5)
  2 water nymphs
  10 torpor snails
  A gargoyle (D:12)
  10 demonic crawlers
  3 orange demons
  5 cane toads
  4 rime drakes
  2 kobold demonologists (D:13)
  3 unseen horrors
  Maggie (D:8)
  17 komodo dragons
  A freezing wraith (D:13)
  An efreet (D:15)
  A yaktaur (D:15)
  An ice devil (D:14)
  16 merfolk
  12 meliai
  4 trolls
  A hornet (shapeshifter) (D:13)
  A hellwing (D:14)
  8 hornets
  4 polar bears
  21 tarantellas
  3 tyrant leeches (Lair:5)
  Grinder (D:3)
  A wind drake (Shoals:1)
  3 snapping turtles (Shoals:1)
  13 blink frogs
  4 dream sheep (Lair:3)
  A centaur simulacrum (D:15)
  13 jumping spiders
  13 culicivoras
  3 wraiths
  A wyvern (Lair:4)
  2 fire elementals (D:12)
  43 yaks
  7 basilisks
  3 vampire mosquitoes
  35 redbacks
  7 steam dragons
  2 wargs
  3 acid dragons
  6 water moccasins
  A hell hound (D:12)
  A swamp drake (Lair:5)
  A black bear (Lair:3)
  32 orc warriors
  2 ice beasts
  11 wolves
  11 ogres
  6 centaurs
  4 kobold brigands
  10 bullfrogs
  2 necrophages (D:6)
  3 scorpions
  3 gnoll sergeants
  4 water moccasin zombies (Ossuary)
  A wight (D:6)
  A wyvern zombie (D:6)
  6 killer bees (D:8)
  6 howler monkeys
  3 electric eels
  A centaur zombie (D:6)
  A bullfrog zombie (D:6)
  A hound (D:5)
  A human zombie (D:6)
  2 jellies (Sewer)
  15 orc priests
  Crazy Yiuf (D:2)
  3 sleepcaps
  Jessica (D:3)
  Ijyb (D:3)
  6 iguanas
  17 orc wizards
  2 killer bee zombies (D:6)
  4 mummies
  A howler monkey zombie (D:6)
  17 gnolls
  12 adders
  A river rat (Sewer)
  A shadow imp (D:7)
  14 white imps
  4 adder zombies (Ossuary)
  5 worms
  4 dart slugs
  62 orcs
  9 ball pythons
  5 bats
  18 endoplasms
  15 giant cockroaches
  7 goblins (D:3)
  5 hobgoblins
  8 jackals (D:1)
  24 kobolds
  5 quokkas
  3 frilled lizards
  3 gnoll zombies (Ossuary)
  4 hobgoblin zombies (Ossuary)
  3 kobold zombies (Ossuary)
  4 orc zombies (Ossuary)
  12 rats
  A tentacle (Shoals:2)
891 creatures vanquished.

Vanquished Creatures (collateral kills)
  Azrael (D:12)
  A pharaoh ant (Spider:4)
  An orb spider (Spider:1)
  An orc knight (Orc:2)
  A deep elf pyromancer (D:12)
  2 lindwurms (Lair:5)
  3 yaktaurs (D:15)
  A komodo dragon (D:11)
  A hornet (Lair:5)
  2 fire elementals (D:12)
  A hell hound (D:12)
  An ogre (Orc:1)
  2 centaurs (D:11)
  2 kobold brigands (D:13)
  An iguana (Lair:5)
21 creatures vanquished.

Vanquished Creatures (others)
  A quicksilver ooze (D:12)
  The ghost of Sabo the Fighter, a journeyman DsBe of Trog (D:12)
  2 centaur warriors
  A two-headed ogre (D:12)
  A wizard (D:15)
  A deep elf pyromancer (D:12)
  An ugly thing (D:15)
  A manticore (D:15)
  A black mamba (Lair:5)
  A cane toad (Lair:5)
  A rime drake (Lair:5)
  A tarantella (Spider:1)
  14 slime creatures
  A basilisk (D:13)
  A yak (Lair:4)
  A warg (Orc:2)
  2 orc warriors (Orc:2)
  A bullfrog (D:8)
  A kobold brigand (D:8)
  2 scorpions (D:5)
  A killer bee (D:8)
  An electric eel (Spider:1)
  135 jellies
  2 orc priests
  7 orc wizards
  A gnoll (D:7)
  11 orcs
  A quokka (D:5)
  4 kobolds (D:8)
  33 tentacles (Shoals:2)
232 creatures vanquished.

Grand Total: 1144 creatures vanquished

Notes
Turn   | Place    | Note
-------+----------+-------------------------------------------
     0 | D:1      | cheesebisquit the Gargoyle Earth Elementalist began the
                  | quest for the Orb.
     0 | D:1      | Reached XP level 1. HP: 10/10 MP: 3/3
     1 | D:1      | Found a runed translucent door.
    18 | D:1      | Reached skill level 4 in Earth Magic
   130 | D:1      | Reached XP level 2. HP: 15/15 MP: 3/5
   584 | D:1      | You fall into a shaft and drop 1 floor!
   595 | D:2      | Reached skill level 5 in Earth Magic
   595 | D:2      | Reached XP level 3. HP: 19/19 MP: 2/6
  1344 | D:2      | Reached XP level 4. HP: 6/24 MP: 0/7
  1435 | D:1      | Reached skill level 6 in Earth Magic
  1642 | D:2      | Found a faded altar of an unknown god.
  2468 | D:2      | Found a runed translucent door.
  2469 | D:2      | Noticed Crazy Yiuf
  2593 | D:3      | Noticed Grinder
  2596 | D:3      | Killed Grinder
  2597 | D:3      | Reached skill level 8 in Earth Magic
  2597 | D:3      | Reached XP level 5. HP: 24/28 MP: 4/8
  2597 | D:3      | Reached XP level 6. HP: 27/32 MP: 4/9
  2925 | D:3      | Noticed Ijyb
  2929 | D:3      | Paralysed by Ijyb for 3 turns
  2936 | D:3      | Paralysed by Ijyb for 3 turns
  2940 | D:3      | Killed Ijyb
  3099 | D:3      | Noticed Jessica
  3101 | D:3      | Killed Jessica
  3478 | D:3      | Learned a level 2 spell: Passwall
  3482 | D:3      | Learned a level 3 spell: Stone Arrow
  3629 | D:4      | Found a staircase to the Ecumenical Temple.
  3641 | D:4      | Reached skill level 9 in Earth Magic
  3641 | D:4      | Reached XP level 7. HP: 36/36 MP: 7/10
  3642 | Temple   | Entered the Ecumenical Temple
  3742 | D:4      | Found Wenes's Vocational Training.
  4062 | D:4      | Learned a level 4 spell: Petrify
  4168 | D:4      | Found a blossoming altar of Fedhas.
  4350 | D:4      | Found a snail-covered altar of Cheibriados.
  4540 | D:5      | Entered Level 5 of the Dungeon
  4593 | D:5      | Reached skill level 10 in Earth Magic
  4664 | D:5      | Found a glowing drain.
  4672 | Sewer    | Entered a sewer
  4758 | Sewer    | Reached XP level 8. HP: 41/41 MP: 9/12
  4959 | Sewer    | Found a viscous altar of Jiyva.
  5057 | Sewer    | Reached skill level 11 in Earth Magic
  5092 | Sewer    | Became a worshipper of Jiyva Jeqanoru the Shapeless
  5674 | D:6      | Reached * piety under Jiyva
  5814 | D:6      | Reached skill level 12 in Earth Magic
  6108 | D:6      | Found an ancient bone altar of Kikubaaqudgha.
  6117 | D:6      | Reached XP level 9. HP: 26/45 MP: 11/15
  6408 | D:7      | Reached ** piety under Jiyva
  6434 | D:7      | Reached skill level 13 in Earth Magic
  6487 | D:7      | Reached skill level 5 in Spellcasting
  6729 | D:7      | Reached *** piety under Jiyva
  6901 | D:8      | Found a sand-covered staircase.
  7013 | Ossuary  | Entered an ossuary
  7101 | Ossuary  | Reached skill level 14 in Earth Magic
  7251 | D:8      | Gained mutation: You are somewhat resistant to further
                  | mutation. [Jiyva's grace]
  7251 | D:8      | Gained mutation: You are somewhat resistant to both further
                  | mutation and mutation removal. [Jiyva's grace]
  7251 | D:8      | Gained mutation: You are almost entirely resistant to
                  | further mutation and mutation removal. [Jiyva's grace]
  7251 | D:8      | Gained mutation: Your flesh is cold resistant. (rC+)
                  | [Jiyva's grace]
  7334 | D:8      | Noticed Maggie
  7340 | D:8      | Killed Maggie
  7341 | D:8      | Reached XP level 10. HP: 39/50 MP: 18/20
  7479 | D:8      | Reached **** piety under Jiyva
  7526 | D:8      | Reached skill level 1 in Fighting
  7530 | D:8      | Noticed Amaemon
  7614 | D:9      | Reached skill level 1 in Maces & Flails
  7985 | D:9      | Found a shadowy altar of Dithmenos.
  8141 | D:9      | Reached skill level 15 in Earth Magic
  8223 | D:9      | Noticed a two-headed ogre
  8230 | D:9      | Killed a two-headed ogre
  8231 | D:9      | Reached XP level 11. HP: 60/60 MP: 10/21
  8337 | D:9      | Reached ***** piety under Jiyva
  8390 | D:9      | Reached skill level 5 in Stealth
  8637 | D:10     | Entered Level 10 of the Dungeon
  8878 | D:10     | Found a hide-covered altar of Uskayaw.
  8884 | D:10     | Lost mutation: You are almost entirely resistant to further
                  | mutation and mutation removal. [Jiyva's grace]
  8884 | D:10     | Gained mutation: You have a pair of small horns on your
                  | head. [Jiyva's grace]
  8884 | D:10     | Gained mutation: You have a pair of horns on your head.
                  | [Jiyva's grace]
  8884 | D:10     | Gained mutation: You have a pair of large horns on your
                  | head. [Jiyva's grace]
  8884 | D:10     | Gained mutation: Your mind is acute. (Int +4, Str/Dex -1)
                  | [Jiyva's grace]
  8930 | D:10     | Found a bloodstained altar of Trog.
  9092 | D:10     | Noticed Nergalle
  9099 | D:10     | Killed Nergalle
  9158 | D:10     | Noticed Harold
  9163 | D:10     | Killed Harold
  9164 | D:10     | Reached skill level 5 in Fighting
  9269 | D:10     | Found a radiant altar of Vehumet.
  9274 | D:10     | Found a glowing silver altar of Zin.
  9648 | D:11     | Found a staircase to the Orcish Mines.
  9783 | D:11     | Reached skill level 5 in Maces & Flails
  9881 | D:11     | Noticed a two-headed ogre
  9886 | D:11     | Killed a two-headed ogre
  9917 | D:11     | Noticed a deep elf pyromancer
  9922 | D:11     | Killed a deep elf pyromancer
  9930 | D:11     | Reached skill level 5 in Dodging
 10035 | D:11     | Noticed a two-headed ogre
 10041 | D:11     | Killed a two-headed ogre
 10170 | D:11     | Reached skill level 16 in Earth Magic
 10248 | D:12     | Killed a quicksilver ooze
 10249 | D:12     | Killed Sabo's ghost
 10256 | D:12     | Reached ****** piety under Jiyva
 10276 | D:12     | Reached XP level 12. HP: 71/71 MP: 10/22
 10377 | D:12     | Reached skill level 1 in Armour
 10401 | D:12     | Found a frozen archway.
 10418 | IceCv    | Entered an ice cave
 10508 | IceCv    | Noticed a death yak
 10509 | IceCv    | Noticed a death yak
 10509 | IceCv    | Noticed a death yak
 10538 | D:12     | Killed a death yak
 10751 | D:12     | Noticed a two-headed ogre
 10756 | D:12     | Killed a two-headed ogre
 10814 | D:12     | Noticed a two-headed ogre
 10815 | D:12     | Noticed Azrael
 10873 | D:12     | Killed a two-headed ogre
 10883 | D:12     | Found a runed translucent gate.
 10883 | D:12     | Found a runed translucent gate.
 10883 | D:12     | Found a runed translucent gate.
 10883 | D:12     | Noticed a great orb of eyes
 10884 | D:12     | Noticed an azure jelly
 10884 | D:12     | Noticed an azure jelly
 10884 | D:12     | Noticed an azure jelly
 10884 | D:12     | Noticed an azure jelly
 10885 | D:12     | Noticed an acid blob
 10887 | D:12     | Noticed an acid blob
 10887 | D:12     | Noticed an azure jelly
 10888 | D:12     | Noticed an azure jelly
 10888 | D:12     | Noticed an acid blob
 10889 | D:12     | Noticed an azure jelly
 10908 | D:12     | Lost mutation: You have a pair of large horns on your head.
                  | [Jiyva's grace]
 10908 | D:12     | Lost mutation: Your mind is acute. (Int +4, Str/Dex -1)
                  | [Jiyva's grace]
 10908 | D:12     | Gained mutation: You passively dampen the noise of your
                  | surroundings. [Jiyva's grace]
 10908 | D:12     | Gained mutation: Your body has grown eyes which may confuse
                  | attackers. (Acc +3) [Jiyva's grace]
 10908 | D:12     | Gained mutation: Your body has grown many eyes which may
                  | confuse attackers. (Acc +5) [Jiyva's grace]
 10908 | D:12     | Gained mutation: Your body is covered in eyes which may
                  | confuse attackers. (Acc +7, SInv) [Jiyva's grace]
 11011 | D:12     | Killed Azrael
 11188 | D:12     | Found a viscous altar of Jiyva.
 11381 | D:2      | Killed Crazy Yiuf
 11623 | D:8      | Killed Amaemon
 11704 | D:8      | Found a staircase to the Lair.
 12034 | Lair:1   | Entered Level 1 of the Lair of Beasts
 12196 | Lair:1   | Noticed a seven-headed hydra
 12202 | Lair:1   | Killed a seven-headed hydra
 12351 | Lair:1   | Identified the +0 pair of gloves "Cikliv" {rPois rF++
                  | Int-5}
 12871 | Lair:2   | Reached skill level 17 in Earth Magic
 12871 | Lair:2   | Reached XP level 13. HP: 80/80 MP: 23/23
 12872 | Lair:2   | Gained mutation: Your large and strong wings let you fly.
                  | [Gargoyle growth]
 12872 | Lair:2   | Reached XP level 14. HP: 87/87 MP: 24/24
 12896 | Lair:2   | Reached XP level 15. HP: 92/92 MP: 2/25
 12984 | Lair:2   | Found a hole to the Spider Nest.
 13105 | Lair:2   | Identified the +0 robe of Youthful Indiscretion {rC+ MP+9}
 13439 | Lair:2   | Lost mutation: You passively dampen the noise of your
                  | surroundings. [Jiyva's grace]
 13439 | Lair:2   | Gained mutation: You possess an exceptional clarity of
                  | mind. [Jiyva's grace]
 13439 | Lair:2   | Gained mutation: You have large cloven feet. [Jiyva's
                  | grace]
 13439 | Lair:2   | Gained mutation: You have hoof-like feet. [Jiyva's grace]
 13439 | Lair:2   | Gained mutation: You have hooves in place of feet. [Jiyva's
                  | grace]
 13763 | Lair:3   | Reached skill level 10 in Fighting
 14096 | Lair:3   | Reached skill level 18 in Earth Magic
 14182 | Lair:3   | Found a staircase to the Shoals.
 14723 | Lair:4   | Found a transporter.
 15194 | Lair:4   | Found a transporter.
 15224 | Lair:4   | Noticed knightboat's ghost (journeyman FoFi)
 15529 | Lair:5   | Entered Level 5 of the Lair of Beasts
 15580 | Lair:4   | Reached skill level 10 in Maces & Flails
 15691 | Lair:5   | Found a hide-covered altar of Uskayaw.
 15692 | Lair:5   | Found an ornate altar of the Wu Jian Council.
 15907 | Lair:5   | Lost mutation: You have hooves in place of feet. [Jiyva's
                  | grace]
 15907 | Lair:5   | Lost mutation: You have a pair of horns on your head.
                  | [Jiyva's grace]
 15907 | Lair:5   | Lost mutation: Your body is covered in eyes which may
                  | confuse attackers. (Acc +7, SInv) [Jiyva's grace]
 15907 | Lair:5   | Gained mutation: You have a small jelly attached to you
                  | that may absorb projectiles. [Jiyva's grace]
 15907 | Lair:5   | Gained mutation: You are almost entirely resistant to
                  | further mutation and mutation removal. [Jiyva's grace]
 15907 | Lair:5   | Gained mutation: Your muscles are strong. (Str +4, Int/Dex
                  | -1) [Jiyva's grace]
 15907 | Lair:5   | Gained mutation: Your muscles are very strong. (Str +8,
                  | Int/Dex -2) [Jiyva's grace]
 16041 | Lair:4   | Found a transporter.
 16047 | Lair:4   | Found a bloodstained altar of Trog.
 16080 | Lair:4   | Found a transporter.
 16766 | Lair:5   | Found a runed translucent door.
 17484 | Lair:5   | Reached skill level 19 in Earth Magic
 17484 | Lair:5   | Reached XP level 16. HP: 101/101 MP: 24/26
 17580 | Lair:5   | Found a viscous altar of Jiyva.
 17581 | Lair:5   | Found a staircase to the Slime Pits.
 18212 | Lair:5   | Learned a level 5 spell: Borgnjor's Vile Clutch
 18493 | D:11     | Found a staircase to the Orcish Mines.
 18826 | Orc:1    | Entered Level 1 of the Orcish Mines
 18836 | Orc:1    | Reached skill level 1 in Transmutations
 18873 | Orc:1    | Noticed Urug
 18886 | Orc:1    | Killed Urug
 18887 | Orc:1    | Reached skill level 1 in Conjurations
 18952 | Orc:1    | Reached skill level 1 in Necromancy
 19254 | Orc:2    | Entered Level 2 of the Orcish Mines
 20020 | Orc:2    | Found Giran's Antique Weapon Emporium.
 20194 | Orc:2    | Found Ompureni's Antique Armour Emporium.
 20209 | Orc:2    | Found Tonom's Jewellery Emporium.
 20224 | Orc:2    | Found Boniliss's General Store.
 20333 | Orc:2    | Found a staircase to the Elven Halls.
 20470 | Orc:2    | Bought an amulet of regeneration for 510 gold pieces
 20470 | Orc:2    | Bought a ring of see invisible for 255 gold pieces
 20825 | D:13     | Lost mutation: You are almost entirely resistant to further
                  | mutation and mutation removal. [Jiyva's grace]
 20825 | D:13     | Lost mutation: You are somewhat resistant to both further
                  | mutation and mutation removal. [Jiyva's grace]
 20825 | D:13     | Lost mutation: Your muscles are very strong. (Str +8,
                  | Int/Dex -2) [Jiyva's grace]
 20825 | D:13     | Lost mutation: Your body has grown many eyes which may
                  | confuse attackers. (Acc +5) [Jiyva's grace]
 20825 | D:13     | Lost mutation: You have a small jelly attached to you that
                  | may absorb projectiles. [Jiyva's grace]
 20825 | D:13     | Gained mutation: Your natural rate of healing is unusually
                  | fast. [Jiyva's grace]
 20825 | D:13     | Gained mutation: You heal very quickly. [Jiyva's grace]
 20825 | D:13     | Gained mutation: You regenerate. [Jiyva's grace]
 20825 | D:13     | Gained mutation: You passively map a small area around you.
                  | [Jiyva's grace]
 21770 | D:13     | Reached skill level 5 in Conjurations
 21815 | D:13     | Found a gate to the Vaults.
 22230 | D:14     | Reached skill level 1 in Shields
 22496 | D:14     | Identified a scroll of acquirement
 22497 | D:14     | Acquired a book of Iron
 22506 | D:14     | Learned a level 6 spell: Iron Shot
 22712 | D:14     | Found a portal to a secret trove of treasure.
 22871 | D:15     | Entered Level 15 of the Dungeon
 22886 | D:15     | Learned a level 8 spell: Lehudib's Crystal Spear
 22906 | D:15     | Found Icabbaogg's Jewellery Boutique.
 22914 | D:15     | Bought an amulet of magic regeneration for 450 gold pieces
 23470 | D:15     | Lost mutation: You have hoof-like feet. [Jiyva's grace]
 23470 | D:15     | Lost mutation: You possess an exceptional clarity of mind.
                  | [Jiyva's grace]
 23470 | D:15     | Lost mutation: You are somewhat resistant to further
                  | mutation. [Jiyva's grace]
 23470 | D:15     | Lost mutation: You regenerate. [Jiyva's grace]
 23470 | D:15     | Lost mutation: You heal very quickly. [Jiyva's grace]
 23470 | D:15     | Gained mutation: Your translucent skin slightly reduces
                  | your foes' accuracy. (Stealth+) [Jiyva's grace]
 23470 | D:15     | Gained mutation: Your translucent skin reduces your foes'
                  | accuracy. (Stealth+) [Jiyva's grace]
 23470 | D:15     | Gained mutation: Your transparent skin significantly
                  | reduces your foes' accuracy. (Stealth+) [Jiyva's grace]
 23470 | D:15     | Gained mutation: You have a small jelly attached to you
                  | that may absorb projectiles. [Jiyva's grace]
 23692 | D:15     | Reached skill level 5 in Transmutations
 23705 | D:15     | Found a staircase to the Depths.
 23790 | D:15     | Reached skill level 5 in Necromancy
 23790 | D:15     | Reached XP level 17. HP: 106/106 MP: 20/27
 24220 | Slime:1  | Entered Level 1 of the Pits of Slime
 24220 | Slime:1  | Noticed an acid blob
 24272 | Slime:1  | Noticed an acid blob
 24365 | Slime:2  | Noticed an acid blob
 24399 | Slime:2  | Noticed an acid blob
 24629 | Slime:1  | Noticed an acid blob
 24641 | Slime:1  | Noticed an acid blob
 24757 | Slime:3  | Noticed an acid blob
 24875 | Slime:4  | Noticed an acid blob
 25328 | Slime:3  | Noticed an acid blob
 25419 | Slime:5  | Entered Level 5 of the Pits of Slime
 25510 | Slime:5  | Noticed an acid blob
 25519 | Slime:5  | Noticed an acid blob
 25537 | Slime:5  | Noticed an acid blob
 25549 | Slime:5  | Noticed an acid blob
 25554 | Slime:5  | Noticed an acid blob
 25562 | Slime:5  | Noticed an acid blob
 25605 | Slime:5  | Noticed an acid blob
 25612 | Slime:5  | Found a viscous altar of Jiyva.
 25620 | Slime:5  | Identified the +7 mace "Jifelew" {drain, rC+++ Dex-3
                  | Stlth+}
 25621 | Slime:5  | Identified the +6 glaive "Leowen" {freeze, Fly rF++ Str+5}
 25638 | Slime:5  | Got Ykomolat's Thoughts on the Brume and Bruises
 25650 | Slime:5  | Got a slimy rune of Zot
 25651 | Slime:5  | Identified the +6 scale mail of Impatience {Fly rElec
                  | Int+3}
 25654 | Slime:5  | Identified the ring "Qulirase" {rCorr Int+2}
 25682 | Slime:5  | Noticed the Royal Jelly
 25867 | Spider:1 | Entered Level 1 of the Spider Nest
 25867 | Spider:1 | Noticed Rupert
 25870 | Spider:1 | Paralysed by Rupert for 5 turns
 25979 | Spider:1 | Killed Rupert
 26196 | Spider:1 | Reached skill level 5 in Shields
 26371 | Spider:1 | Noticed Nikola
 26383 | Spider:1 | Killed Nikola
 26877 | Spider:2 | Noticed Arachne
 26884 | Spider:2 | Killed Arachne
 27021 | Spider:2 | Noticed Aizul
 27025 | Spider:2 | Killed Aizul
 27145 | Spider:2 | Reached skill level 10 in Conjurations
 27884 | Spider:3 | Reached skill level 1 in Evocations
 28476 | Spider:4 | Entered Level 4 of the Spider Nest
 28872 | Spider:3 | Reached skill level 10 in Dodging
 29446 | Spider:4 | Lost mutation: Your flesh is cold resistant. (rC+) [Jiyva's
                  | grace]
 29446 | Spider:4 | Lost mutation: Your transparent skin significantly reduces
                  | your foes' accuracy. (Stealth+) [Jiyva's grace]
 29446 | Spider:4 | Lost mutation: Your translucent skin reduces your foes'
                  | accuracy. (Stealth+) [Jiyva's grace]
 29446 | Spider:4 | Gained mutation: Your mind is acute. (Int +4, Str/Dex -1)
                  | [Jiyva's grace]
 29446 | Spider:4 | Gained mutation: Your mind is very acute. (Int +8, Str/Dex
                  | -2) [Jiyva's grace]
 29446 | Spider:4 | Gained mutation: You have a small jelly attached to you
                  | that senses nearby items. [Jiyva's grace]
 29446 | Spider:4 | Gained mutation: You possess an exceptional clarity of
                  | mind. [Jiyva's grace]
 29750 | Spider:4 | Reached XP level 18. HP: 113/113 MP: 28/30
 30337 | Spider:4 | Got a gossamer rune of Zot
 30362 | Spider:4 | Identified the +0 hat of Ylibul {rF+ Will+}
 30850 | Lair:3   | Learned a level 4 spell: Animate Armour
 30964 | Shoals:1 | Entered Level 1 of the Shoals
 31524 | Shoals:1 | Reached skill level 1 in Summonings
 32108 | Shoals:2 | Found Axue's CLEARANCE SALE!.
 32114 | Shoals:2 | Bought a scroll of fear for 16 gold pieces
 32180 | Shoals:2 | Lost mutation: You have a pair of small horns on your head.
                  | [Jiyva's grace]
 32180 | Shoals:2 | Lost mutation: You possess an exceptional clarity of mind.
                  | [Jiyva's grace]
 32180 | Shoals:2 | Lost mutation: Your mind is very acute. (Int +8, Str/Dex
                  | -2) [Jiyva's grace]
 32180 | Shoals:2 | Lost mutation: Your translucent skin slightly reduces your
                  | foes' accuracy. (Stealth+) [Jiyva's grace]
 32180 | Shoals:2 | Lost mutation: You have a small jelly attached to you that
                  | may absorb projectiles. [Jiyva's grace]
 32180 | Shoals:2 | Gained mutation: You possess an exceptional clarity of
                  | mind. [Jiyva's grace]
 32180 | Shoals:2 | Gained mutation: You are somewhat resistant to further
                  | mutation. [Jiyva's grace]
 32180 | Shoals:2 | Gained mutation: You are somewhat resistant to both further
                  | mutation and mutation removal. [Jiyva's grace]
 32180 | Shoals:2 | Gained mutation: You are almost entirely resistant to
                  | further mutation and mutation removal. [Jiyva's grace]
 32202 | Shoals:2 | Acquired the staff of earth "Paet" {Will+}
 32315 | Shoals:2 | Found a runed translucent door.
 32459 | Shoals:2 | Reached skill level 1 in Staves
 32835 | Shoals:2 | Identified the amulet "Usa Feomn" {Acrobat rF+ MP+9}
 32891 | Shoals:2 | Reached skill level 20 in Earth Magic
 32936 | Shoals:2 | HP: 1/115 [kraken (34)]
 32936 | Shoals:2 | Demolished by a tentacle

Illustrated notes

Levels and vault maps discovered:
D:1:      dpeg_arrival_caged_fury, layout_basic, minivault_23
D:2:      layout_loops_ring, ebering_ecumenical_altar_sacrificial,
          uniq_crazy_yiuf_cottage
D:3:      kennysheep_the_goblin_king, layout_basic, uniq_jessica, uniq_grinder
D:4:      nicolae_cairo_tiling_very_big, layout_basic, fedhas_altar_1,
          cheibriados_altar_1, minmay_temple_entry_mini_moons,
          nicolae_shop_vocational
D:5:      layout_cave_pools, gup_sewer_entry_bubbles
D:6:      layout_basic, lemuel_mausoleum_altar_kikubaaqudgha
D:7:      layout_cave_pools, nicolae_water_bricks
D:8:      layout_basic, erik_lair_dragon, enter_ossuary_1, uniq_amaemon,
          uniq_maggie
D:9:      layout_stronghold, mainiacjoe_overflow_boulevard
D:10:     layout_irregular_city, mainiacjoe_overflow_big_doors,
          eat_drink_and_be_merry_uskayaw, mainiacjoe_overflow_brackets,
          serial_column_ruins, column_ruins_courtyard_long_water,
          column_ruins_hut, column_ruins_open_tiny,
          column_ruins_corridor_straight, column_ruins_columns_straight,
          column_ruins_open_medium, uniq_nergalle, uniq_harold
D:11:     layout_cave_pools, david_orc_2
D:12:     layout_basic, gammafunk_ghost_ooze, portal_ice_cave_entry_imps,
          uniq_azrael
D:13:     layout_basic, david_vaults_4, chequers_decorated_corner,
          amethyst_killhole
D:14:     layout_roguey, trove_entry_hex_spiral, minmay_staircase_bubble,
          serial_demonic, serial_demonic_c, serial_demonic_f, serial_demonic_c,
          serial_demonic_e
D:15:     hangedman_depths_entry_try_elsewhere_first, layout_long_grid,
          serial_shops, shop, evilmike_minifort
Temple:   zaba_magenta_temple
Lair:1:   layout_roguey
Lair:2:   layout_chaotic_city, spider_nest_entry_a, serial_forest,
          infiniplex_forest_clump_medium, infiniplex_forest_pool,
          infiniplex_forest_clump_small, infiniplex_forest_clump_tiny,
          infiniplex_forest_corner_1, infiniplex_forest_straight_4,
          infiniplex_forest_zigzag_2
Lair:3:   layout_chaotic_city, nicolae_shoals_entry_roost,
          infiniplex_staircase_pool
Lair:4:   layout_small_grid, gammafunk_ghost_wrathful_warriors,
          lemuel_fruit_tree
Lair:5:   guppyfry_lair_end_dragon, layout_big_grid, wormcave,
          minmay_slime_entry_pillars, nzn_masters_of_martial_movement
Shoals:1: layout_shoals
Shoals:2: nicolae_shoals_lighthouse, layout_shoals, nicolae_shop_clearance
Shoals:3: layout_shoals, nicolae_shoals_this_corrosion
Spider:1: layout_spider_delve, uniq_rupert, uniq_nikola
Spider:2: layout_spider_delve, uniq_aizul, uniq_arachne
Spider:3: layout_spider_delve
Spider:4: hellmonk_spider_rune_bug_friends, nicolae_spider_webs_and_nodes
Slime:1:  layout_caves
Slime:2:  layout_caves
Slime:3:  layout_caves, nicolae_slime_getting_an_eyeful
Slime:4:  layout_caves
Slime:5:  uniq_dissolution
Orc:1:    layout_caves, basic_altar, uniq_urug
Orc:2:    grunt_orc_cross, layout_caves

Skill      XL: |  1  2  3  4  5  6  7  8  9 10 11 12 13 14 15 16 17 18 |
---------------+-------------------------------------------------------+-----
Earth Magic    | 4 5 8 9 10 12 14 15 16 17 19 20 | 20.0
Spellcasting   | 3 4 7 8 |  8.7
Fighting       | 3 6 8 9 12 13 | 13.4
Maces & Flails | 3 5 8 11 12 | 12.2
Dodging        | 3 5 7 9 10 | 10.6
Stealth        | 4 5 |  5.0
Armour         | 6 |  6.0
Transmutations | 5 |  5.0
Conjurations   | 6 10 11 | 11.4
Necromancy     | 5 |  5.0
Shields        | 3 5 |  5.0
Evocations     | 2 4 |  4.4
Summonings     | 2 |  2.4
Staves         | 1 |  1.6

Action                     |  1- 3 |  4- 6 |  7- 9 | 10-12 | 13-15 | 16-18 || total
---------------------------+-------+-------+-------+-------+-------+-------++-------
  Melee: Dagger            |     7 |   214 |       |       |       |       ||   221
         Punch             |       |     2 |       |       |     1 |     1 ||     4
         Morningstar       |       |       |       |    31 |    46 |    97 ||   174
         Headbutt          |       |       |       |     5 |    15 |    29 ||    49
         Kick              |       |       |       |       |    20 |    42 ||    62
         Staff             |       |       |       |       |       |     2 ||     2
  Throw: Boomerang         |       |       |       |     1 |       |       ||     1
   Cast: Sandblast         |    54 |    56 |   219 |       |       |       ||   329
         Stone Arrow       |       |       |       |   295 |   358 |   389 ||  1042
         Iron Shot         |       |       |       |       |       |   523 ||   523
         Borgnjor's Vile C |       |       |       |       |       |    14 ||    14
         Animate Armour    |       |       |       |       |       |     1 ||     1
  Evoke: Wand              |       |       |       |       |     1 |       ||     1
    Use: Scroll            |       |       |    21 |     7 |     3 |    13 ||    44
         Potion            |       |       |       |     2 |     1 |    12 ||    15
   Stab: Confused          |       |       |       |     1 |     1 |     1 ||     3
 Armour: Robe              |    18 |    17 |    22 |       |    97 |   358 ||   512
         Steam dragon scal |       |       |    10 |    16 |       |       ||    26
         Skin              |       |       |     1 |       |       |       ||     1
         Troll leather arm |       |       |       |    54 |     7 |       ||    61
  Dodge: Dodged            |    17 |    31 |    60 |    79 |   191 |   610 ||   988
  Block: Buckler           |       |       |       |       |       |    92 ||    92
